 Dungeon Crawl Stone Soup version 0.20.1-1-g8b1a95d (webtiles) character file.

415 Peloso the Shield-Bearer (level 6, -3/56 HPs)
             Began as a Deep Dwarf Fighter on Aug 4, 2017.
             Killed by nerve-wracking pain
             ... invoked by Grinder
              (8 damage)
             ... on level 3 of the Dungeon.
             The game lasted 00:11:06 (2530 turns).

Peloso the Shield-Bearer (Deep Dwarf Fighter)       Turns: 2530, Time: 00:11:06

Health: -3/56      AC:  9    Str: 22    XL:     6   Next: 60%
Magic:  6/6        EV:  9    Int:  8    God:
Gold:   159        SH: 11    Dex: 12    Spells: 5/5 levels left

rFire    . . .     SeeInvis .   a - +0 long sword
rCold    . . .     Gourm    .   c - +1 shield
rNeg     . . .     Faith    .   b - +0 scale mail
rPois    .         Spirit   .   s - +2 hat
rElec    .         Reflect  .   (no cloak)
rCorr    .         Harm     .   (no gloves)
MR       .....     Rnd*Tele +   (no boots)
Stlth    ..........             i - amulet of inaccuracy (curse)
Regen    0.0/turn               e - ring of teleportation (curse)
MPRegen  0.1/turn               (no ring)

@: non-regenerating
A: damage resistance, heal wounds, sense surroundings 1, no regeneration
a: Heal Wounds


You were on level 3 of the Dungeon.
You were not hungry.

You visited 1 branch of the dungeon, and saw 3 of its levels.

You collected 159 gold pieces.

Inventory:

Hand Weapons
 a - a +0 long sword (weapon)
Missiles
 q - 2 silver tomahawks (quivered)
Armour
 b - a +0 scale mail (worn)
 c - a +1 shield (worn)
 s - a +2 hat (worn)
Jewellery
 e - a cursed ring of teleportation (left hand)
 i - a cursed amulet of inaccuracy (around neck)
 k - an uncursed ring of poison resistance {unknown}
 l - an uncursed ring of fire {unknown}
 o - a cursed ring of wizardry {unknown}
Scrolls
 j - 2 scrolls of recharging
 n - a scroll of enchant armour
 r - a scroll of teleportation
Potions
 d - a potion of experience {unknown}
 g - a potion of curing
 h - a potion of resistance
Comestibles
 f - 3 bread rations
 m - a royal jelly


   Skills:
 + Level 3.3 Fighting
 + Level 4.0 Long Blades
 + Level 0.1 Throwing
 + Level 4.1 Armour
 + Level 2.1 Dodging
 + Level 0.3 Stealth
 + Level 5.6 Shields


You had 5 spell levels left.
You didn't know any spells.

Dungeon Overview and Level Annotations

Branches:
Dungeon (3/15)

Altars:
Dithmenos
Uskayaw

Annotations:
D:3 Grinder


Innate Abilities, Weirdness & Mutations

You are resistant to damage.
You can heal yourself by infusing magical energy.
You passively map a small area around you.
You do not regenerate.


Message History

Grinder is severely wounded.
Unknown command.
You slash Grinder!
Grinder is almost dead.
Grinder gestures at you.
You suddenly lose the ability to move!
Grinder gestures at you. You resist with some effort. Grinder hits you.
* * * LOW HITPOINT WARNING * * *
You writhe in agony.
Grinder hits you but does no damage. x3
Grinder hits you.
You writhe in agony.
* * * LOW HITPOINT WARNING * * *
You can move again.
You completely miss Grinder.
Grinder is almost dead.
Grinder gestures at you. Pain shoots through your body!
You die...

...#####.###)# #.#
##.##.......)# #.#,
##.##.##.##..# #.#
##.##.##.##..# #.#,*
.............# #.# #
.......#.##.## #.#(#
.####....##[ #.#.#
.#((#....)..####...#
.#..#._.####...5@..#
.#..#...# #.#####.#
.####...# .#
.......## *,* .#
##.##### ** * # , ,,
* * * * * * * , ,


You could see Grinder.

Vanquished Creatures
  Sigmund (D:3)
  The ghost of ReignOfFire the Ducker, a weakling DsGl (D:3)
  A howler monkey (D:3)
  9 adders
  2 oozes (D:1)
  An adder skeleton (D:3)
  A dart slug (D:1)
  4 leopard geckos
  3 orcs (D:3)
  A ball python (D:1)
  6 giant cockroaches
  4 goblins
  10 hobgoblins
  3 quokkas
  3 bats
  4 frilled lizards
  6 kobolds
  7 rats
67 creatures vanquished.

Notes
Turn   | Place    | Note
-------+----------+-------------------------------------------
     0 | D:1      | Peloso the Deep Dwarf Fighter began the quest for the Orb.
     0 | D:1      | Reached XP level 1. HP: 20/20 MP: 1/1
   127 | D:1      | Reached XP level 2. HP: 27/27 MP: 2/2
   405 | D:1      | Reached XP level 3. HP: 23/34 MP: 3/3
  1154 | D:1      | Reached skill level 4 in Shields
  1175 | D:2      | Reached skill level 1 in Dodging
  1217 | D:2      | Reached XP level 4. HP: 36/42 MP: 4/4
  1720 | D:3      | Found a faded altar of an unknown god.
  1861 | D:3      | Noticed ReignOfFire's ghost (weakling DsGl)
  1891 | D:3      | Killed ReignOfFire's ghost
  1891 | D:3      | Reached XP level 5. HP: 23/49 MP: 5/5
  1921 | D:3      | Noticed Sigmund
  1980 | D:3      | Killed Sigmund
  1980 | D:3      | Reached skill level 5 in Shields
  1980 | D:3      | Reached XP level 6. HP: 15/56 MP: 6/6
  2041 | D:3      | Noticed a dagger
  2042 | D:3      | Noticed a hand axe
  2042 | D:3      | Found a hide-covered altar of Uskayaw.
  2384 | D:3      | Found a shadowy altar of Dithmenos.
  2457 | D:3      | Noticed Grinder
  2482 | D:3      | Paralysed by Grinder for 6 turns
  2492 | D:3      | HP: 2/56 [Grinder/nerve-wracking pain (12)]
  2496 | D:3      | Paralysed by Grinder for 6 turns
  2507 | D:3      | Paralysed by Grinder for 7 turns
  2523 | D:3      | Paralysed by Grinder for 7 turns
  2530 | D:3      | Killed from afar by Grinder

Skill      XL: |  1  2  3  4  5  6 |
---------------+-------------------+-----
Fighting       | 3 |  3.3
Shields        | 4 5 |  5.6
Dodging        | 1 2 |  2.1
Long Blades    | 3 4 |  4.0
Armour         | 4 |  4.1
Throwing       | |  0.1
Stealth        | |  0.3

Action                   |  1- 3 |  4- 6 || total
-------------------------+-------+-------++-------
Melee: Long sword        |   219 |   342 ||   561
Throw: Tomahawk          |       |     5 ||     5
 Abil: Heal Wounds       |     1 |     3 ||     4
  Use: Scroll            |     5 |     3 ||     8
       Potion            |       |     4 ||     4
  Eat: Chunk             |     2 |     5 ||     7
Armor: Scale mail        |   106 |   119 ||   225
       Skin              |       |    25 ||    25
Dodge: Dodged            |    70 |   106 ||   176
Block: Shield            |   151 |   223 ||   374
       Rpst.: Long sword |    26 |    33 ||    59
